 Dungeon Crawl Stone Soup version 0.30.0-18-gf1372a6a44 (webtiles) character file.

Game seed: 710762581965554055

82 qw the Chopper (level 4, -3/28 HPs)
             Began as a Gargoyle Fighter on May 23, 2023.
             Slain by a gnoll bouda
             ... wielding a +0 whip
              (8 damage)
             ... on level 3 of the Dungeon.
             The game lasted 00:00:48 (1425 turns).

qw the Chopper (Gargoyle Fighter)                   Turns: 1425, Time: 00:00:49

Health: -3/28      AC: 11    Str: 22    XL:     4   Next: 43%
Magic:  4/4        EV:  9    Int:  8    God:
Gold:   101        SH:  4    Dex:  9    Spells: 3/3 levels left

rFire   . . .        Y - +1 war axe
rCold   . . .        c - +0 buckler
rNeg    + . .        b - +0 scale mail
rPois   inf          h - +0 helmet
rElec   +            (no cloak)
rCorr   .            (no gloves)
SInv    .            (no boots)
Will    .....        (no amulet) Stlth
                     (no ring)
HPRegen 0.24/turn    (no ring)
MPRegen 0.09/turn

%: no passive effects
@: weakened
A: sickness immunity, AC +3, negative energy resistance 1, electricity
resistance, torment resistance 1, petrification resistance
a: no special abilities


You were on level 3 of the Dungeon.
You visited 1 branch of the dungeon, and saw 3 of its levels.

You collected 101 gold pieces.


Innate Abilities, Weirdness & Mutations

You are immune to sickness and miasma.
Your stone body is resilient. (AC +3)
You are immune to poison.
You resist negative energy. (rN+)
You are resistant to electric shocks. (rElec)
You are resistant to unholy torment.
You are immune to petrification.


   Skills:
 - Level 3.2 Fighting
 + Level 4.1 Axes
 - Level 3.2 Armour
 - Level 3.2 Shields


You had 3 spell levels left.
You didn't know any spells.
Your spell library was empty.

Inventory:

Hand Weapons
 i - a +0 flail
 Y - a +1 war axe (weapon)
Armour
 b - a +0 scale mail (worn)
 c - a +0 buckler (worn)
 h - a +0 helmet (worn)
Scrolls
 a - a scroll of identify
Potions
 d - a potion of might
 e - a potion of resistance
 f - 2 potions of attraction
 g - 2 potions of haste {unknown}
 k - a potion of brilliance {unknown}
 l - a potion of flight {unknown}
 m - a potion of lignification
 n - a potion of magic {unknown}

Dungeon Overview and Level Annotations

Branches:
Dungeon (3/15)

Altars:
Xom


Message History

The goblin hits you but does no damage.
You closely miss the goblin. The goblin hits you but does no damage.
You hit the goblin but do no damage. The goblin hits you but does no damage.
You slash the goblin!
You kill the goblin!
A gnoll bouda comes into view. It is wielding a +0 whip.
The gnoll bouda shouts!
You see here a +0 club.
1412 ||| Stepping ~*~*~tactically~*~*~ (hiding).
1413 ||| Stepping ~*~*~tactically~*~*~ (hiding).
You start waiting.
A gnoll bouda is nearby!
1415 ||| Stepping ~*~*~tactically~*~*~ (hiding).
1416 ||| Stepping ~*~*~tactically~*~*~ (hiding).
You hit the gnoll bouda.
The gnoll bouda is moderately wounded.
The gnoll bouda barely misses you.
You closely miss the gnoll bouda.
The gnoll bouda is moderately wounded.
The gnoll bouda barely misses you.
You completely miss the gnoll bouda.
The gnoll bouda is moderately wounded.
The gnoll bouda hits you with a +0 whip. x2
You closely miss the gnoll bouda.
The gnoll bouda is moderately wounded.
The gnoll bouda gazes fiercely through you!
You feel your attacks grow feeble.
The gnoll bouda hits you with a +0 whip!
You barely miss the gnoll bouda.
The gnoll bouda is moderately wounded.
The gnoll bouda hits you with a +0 whip. x2
You barely miss the gnoll bouda.
The gnoll bouda is moderately wounded.
The gnoll bouda hits you with a +0 whip.
You closely miss the gnoll bouda.
The gnoll bouda is moderately wounded.
The gnoll bouda hits you with a +0 whip!
You die...

#......(...'.......#
#.........##.........
####.........#######....
.............# ...
#.#..........# ..
##.....##### .
#............#
#............#
#...........@#
..........%.g#
###########)##
.........# ...........
........#...#
........###g.# ........#
##.. ......... .


You could see a gnoll bouda.

Vanquished Creatures
  3 gnolls (D:2)
  An adder (D:2)
  A worm (D:2)
  A dart slug (D:1)
  4 ball pythons
  3 bats
  2 endoplasms (D:2)
  3 giant cockroaches
  2 goblins
  3 hobgoblins
  2 jackals (D:3)
  2 quokkas
  A frilled lizard (D:3)
  5 kobolds
  6 rats
39 creatures vanquished.

Notes
Turn   | Place    | Note
-------+----------+-------------------------------------------
     0 | D:1      | qw the Gargoyle Fighter began the quest for the Orb.
     0 | D:1      | Reached XP level 1. HP: 14/14 MP: 1/1
     0 | D:1      | 0 ||| qw: Version: 0.2-a-98-g5d7165a
     0 | D:1      | 0 ||| qw: Game counter: 2
     0 | D:1      | 0 ||| qw: Always use a shield: true
     0 | D:1      | 0 ||| qw: God list: Okawaru
     0 | D:1      | 0 ||| qw: Allow faded altars: false
     0 | D:1      | 0 ||| qw: Do Orc after D:15 true
     0 | D:1      | 0 ||| qw: Do second Lair branch before Depths: true
     0 | D:1      | 0 ||| qw: Lair rune preference: random
     0 | D:1      | 0 ||| qw: Plans: Normal, Zot:1-4, God:TSO, Crypt, Tomb,
                  | Pan, Slime:5, Hells, Abyss, Win
     0 | D:1      | 0 ||| PLANNING D:1-11
    98 | D:1      | Reached skill level 2 in Axes
   251 | D:1      | 251 ||| Stepping ~*~*~tactically~*~*~ (stealth).
   256 | D:1      | Reached XP level 2. HP: 19/19 MP: 2/2
   395 | D:1      | 395 ||| DROPPING scarf of harm.
   396 | D:1      | 396 ||| UPGRADING to +0 helmet.
   401 | D:1      | 401 ||| DROPPING amulet of magic regeneration.
   402 | D:1      | 402 ||| READING 2 scrolls labelled QOLOADE ZOSS.
   403 | D:1      | 403 ||| READING scroll labelled QEGGAL OJAHOWO.
   536 | D:2      | Reached skill level 3 in Axes
   536 | D:2      | Reached XP level 3. HP: 8/23 MP: 3/3
   602 | D:2      | 602 ||| Stepping ~*~*~tactically~*~*~ (hiding).
   609 | D:2      | HP: 4/23 [gnoll/+0 spear (4)]
   702 | D:2      | 702 ||| DROPPING +0 club.
   880 | D:2      | Reached XP level 4. HP: 28/28 MP: 4/4
   925 | D:2      | 925 ||| Stepping ~*~*~tactically~*~*~ (stealth).
   926 | D:2      | 926 ||| Stepping ~*~*~tactically~*~*~ (stealth).
   947 | D:2      | 947 ||| Stepping ~*~*~tactically~*~*~ (stealth).
  1047 | D:2      | Reached skill level 4 in Axes
  1207 | D:2      | 1207 ||| DROPPING amulet of faith.
  1208 | D:2      | 1208 ||| READING scroll labelled JUOPEO QYGOEG.
  1209 | D:2      | 1209 ||| READING scroll labelled WEIDOLLOGEDGH.
  1210 | D:2      | 1210 ||| DRINKING 3 sedimented emerald potions.
  1211 | D:2      | 1211 ||| DRINKING 2 fuming red potions.
  1229 | D:2      | 1229 ||| READING 2 scrolls of identify.
  1229 | D:2      | 1229 ||| IDENTIFYING ruby potion
  1285 | D:3      | 1285 ||| Stepping ~*~*~tactically~*~*~ (stealth).
  1291 | D:3      | 1291 ||| Stepping ~*~*~tactically~*~*~ (stealth).
  1302 | D:3      | Identified the +7 short sword "Pajof" {flame, rPois rF-
                  | rC+++ Int-3}
  1326 | D:3      | Found a shimmering altar of Xom.
  1396 | D:3      | 1396 ||| Stepping ~*~*~tactically~*~*~ (stealth).
  1412 | D:3      | 1412 ||| Stepping ~*~*~tactically~*~*~ (hiding).
  1413 | D:3      | 1413 ||| Stepping ~*~*~tactically~*~*~ (hiding).
  1415 | D:3      | 1415 ||| Stepping ~*~*~tactically~*~*~ (hiding).
  1416 | D:3      | 1416 ||| Stepping ~*~*~tactically~*~*~ (hiding).
  1423 | D:3      | HP: 6/28 [gnoll bouda/+0 whip (3)]
  1425 | D:3      | Slain by a gnoll bouda

Levels and vault maps discovered:
D:1:      ncdulo_wetmaze, layout_rooms
D:2:      layout_loops_ring
D:3:      layout_basic, lemuel_doored_altar, serial_shops, shop, st_stairs_13,
          uniq_natasha

Skill      XL: |  1  2  3  4 |
---------------+-------------+-----
Axes           | 2 3 4 |  4.1
Fighting       | |  3.2
Armour         | |  3.2
Shields        | |  3.2

Action                     |  1- 3 |  4- 6 || total
---------------------------+-------+-------++-------
  Melee: War axe           |    74 |    51 ||   125
    Use: Scroll            |     2 |     3 ||     5
         Potion            |       |     2 ||     2
 Armour: Scale mail        |    37 |    14 ||    51
  Dodge: Dodged            |    25 |    25 ||    50
  Block: Buckler           |    15 |     9 ||    24

Table legend:
 A = Non-vault XP
 B = Vault XP
 C = Vault XP percentage of total XP
 D = Non-vault monster count
 E = Vault monster count
 F = Vault count percentage of total count
                 A         B        C        D         E       F
            +---------+---------+-------+---------+---------+-------
      Total |     118 |       0 |   0.0 |      39 |       0 |   0.0
            +---------+---------+-------+---------+---------+-------
        D:1 |      18 |       0 |   0.0 |      10 |       0 |   0.0
        D:2 |      85 |       0 |   0.0 |      19 |       0 |   0.0
        D:3 |      15 |       0 |   0.0 |      10 |       0 |   0.0
            +---------+---------+-------+---------+---------+-------
